[Event "USA Championship Women 2022"]
[Site "Saint Louis"]
[Date "2022.10.12"]
[Round "7.2"]
[White "Lee, Megan"]
[Black "Yu, Jennifer"]
[Result "1-0"]
[ECO "C45"]
[WhiteElo "2226"]
[BlackElo "2297"]
[Annotator "TA"]
[PlyCount "125"]
[EventDate "2022.09.05"]
[EventType "tourn"]
[EventCountry "USA"]
[SourceTitle "playchess.com"]
[Source "ChessBase"]
[SourceQuality "1"]
[TimeControl "40/5400+30:1800+30"]

1. e4 e5 2. Nf3 Nc6 3. d4 exd4 4. Nxd4 Bc5 5. Nb3 Bb6 6. Nc3 Nge7 7. Bg5 {[%emt 0:00:43] C45: Scotch Game.} f6 {[%emt 0:03:42] 7...h6 is the fancy move.} 8. Bf4 O-O 9. a4 {[%emt 0:00:58] [#] a5 is the strong threat. The position is equal.} a5 10. Qd2 d6 11. O-O-O Ne5 {[%emt 0:04:08] [#]} (11... Be6 $11) 12. Be3 $146 ({Predecessor:} 12. h4 Be6 13. h5 N7c6 14. h6 g6 15. Nd5 Ba7 16. Bg3 Nb4 17. Nxb4 axb4 18. Qxb4 {1-0 (27) Engel,L (2363)-Loukopoulos,P (1959) Mamaia 2017}) 12... Bxe3 13. Qxe3 f5 14. f4 Ng4 15. Qd2 fxe4 {[%emt 0:08:48] And now ...e3 would win.} 16. Nxe4 Bf5 (16... d5 $14) 17. Nc3 (17. h3 $16) 17... Nf6 18. Re1 Bg6 (18... d5 $11) 19. Rg1 Bf7 20. g3 (20. Nd4 $14) 20... Ned5 21. Nb5 ({White should play} 21. Nd4 $14) 21... c6 22. N5d4 Nb6 23. Ne6 (23. Nxa5 $2 Nxa4 24. b4 c5 $19) 23... Bxe6 24. Rxe6 d5 25. Qd4 Nfd7 ({Black should try} 25... Re8 $14 26. f5 Nbd7) 26. Bh3 $16 {[%emt 0:00:50] White is much more active.} Rf6 27. Re2 {[%emt 0:06:43] Black must now prevent Rge1.} Qc7 $2 {[%emt 0:01:12] A mistake that costs the game.} (27... Kh8 $16 {keeps fighting.}) 28. Re7 $18 {[%emt 0:01:53] Threatens to win with Nc5.} Qd6 {[%emt 0:00:36] Prevents Nc5.} 29. Rge1 c5 30. Qf2 d4 $2 (30... Qc6 31. Kb1 Kh8) 31. Qf3 c4 32. Qxb7 (32. Qg4 Rf7 33. Rxf7 Kxf7 $16) 32... Rb8 {[%emt 0:00:29] [#]} 33. Qa7 cxb3 34. Bxd7 {[%emt 0:00:20] Intending Be6+ and mate.} Kh8 $2 (34... bxc2 {leads to mate.} 35. Be6+ Kh8 36. Rxg7 Rh6 37. Bf5 Qf8 38. Rxh7+ Kg8 39. Be6+ Rxe6 40. Rxe6) (34... d3 35. cxd3 (35. Be6+ Kh8 $16) 35... Qc5+ 36. Kb1 Nxd7 37. Qxd7 Rc8 38. Rxg7+ Kf8 39. Qe7+ (39. Rxh7 $2 Qc2+ 40. Ka1 Qc1+ 41. Rxc1 Rxc1#) 39... Qxe7 40. Rgxe7 (40. Rexe7 Rfc6 $11) 40... Rf7) 35. Qxb8+ Qxb8 36. Re8+ Rf8 37. Rxb8 Rxb8 38. Re8+ Rxe8 39. Bxe8 {[%emt 0:00:04][%mdl 4096] Endgame KB-KN} Kg8 40. cxb3 Kf8 (40... Nd5 $142 41. Kd2 Nb4) 41. Bc6 Ke7 42. b4 axb4 43. a5 Nc8 44. Bb7 Na7 45. Kd2 Kd6 46. Kd3 Kc5 47. g4 Nb5 48. f5 h6 49. h4 b3 50. a6 Kb6 51. g5 {[%emt 0:00:00] White mates.} hxg5 52. hxg5 Nd6 53. f6 g6 54. Kxd4 Nf7 55. Bd5 Nxg5 56. f7 Nh7 57. Be4 Kxa6 58. Bxg6 Nf8 59. Bf5 Kb6 60. Ke5 Kc7 61. Kf6 Kd6 62. Kg7 Ke7 63. Kg8 {[%emt 0:00:00] Weighted Error Value: White=0.23 (precise) /Black=0.36} 1-0

[Event "USA Championship Women 2022"]
[Site "Saint Louis"]
[Date "2022.10.12"]
[Round "7.3"]
[White "Tokhirjonova, Gulrukhbegim"]
[Black "Abrahamyan, Tatev"]
[Result "1-0"]
[ECO "C02"]
[WhiteElo "2336"]
[BlackElo "2308"]
[Annotator "TA"]
[PlyCount "73"]
[EventDate "2022.09.05"]
[EventType "tourn"]
[EventCountry "USA"]
[SourceTitle "playchess.com"]
[Source "ChessBase"]
[SourceQuality "1"]
[TimeControl "40/5400+30:1800+30"]

1. e4 e6 2. d4 d5 3. e5 c5 4. c3 Nc6 5. Nf3 Bd7 6. Be2 Nge7 7. Na3 Ng6 8. Nc2 Be7 9. g3 {[%emt 0:01:15] C02: French: Advance Variation.} cxd4 10. cxd4 O-O 11. h4 {[%emt 0:10:09] White has an edge.} f6 12. h5 Nh8 13. Bf4 Nf7 14. Bd3 {[%emt 0:01:38] [#]} Rc8 $146 ({Predecessor:} 14... fxe5 15. dxe5 Qa5+ 16. Kf1 Qb6 17. Qe2 Qxb2 18. Kg2 Qb6 19. Rab1 Qc7 20. Rbe1 Bc5 21. Bxh7+ Kxh7 {½-½ (50) Skawinski,A (2425)-Heberla,B (2569) Poland 2018}) 15. Qe2 fxe5 16. dxe5 Ng5 {[%emt 0:00:20] aiming for ...Nxf3+.} 17. Nh4 (17. Nd2 $11 {keeps the balance.}) 17... Nb4 $2 ({Better is} 17... Ne4 $17 {Strongly threatening ...Qa5+.} 18. Nf3 (18. Bxe4 $2 dxe4 19. Kf1 Nxe5 $19) 18... Nc5) 18. Nxb4 $14 Bxb4+ 19. Kf1 Ne4 20. Kg2 $1 Bc5 {[%emt 0:03:17] White leaves nothing to chance now.} (20... Bd2 $14 21. Bxe4 Bxf4) 21. Raf1 $1 $16 ({And not} 21. Bxe4 dxe4 22. Rac1 Qe7 $15) 21... Be7 {[%emt 0:06:25][%cal Of8f4] [#]} 22. Ng6 Rf7 (22... hxg6 $2 23. hxg6 Rf5 24. Qg4 $18) 23. Qg4 (23. Bxe4 $6 dxe4 24. Nxe7+ Qxe7 $11) 23... Nc5 (23... hxg6 24. hxg6 Rf5 25. Bxe4 dxe4 26. Rh7 $18) (23... Qb6 $16) 24. Nxe7+ Qxe7 {[%emt 0:02:27] [#]} 25. Bg6 Bc6 (25... hxg6 {gets mated.} 26. hxg6 Rf5 27. Qh3) (25... Rf5 26. Bxf5) 26. Bxf7+ Qxf7 27. Rd1 {[%emt 0:01:47][%cal Bf1d1,Bd1d4,Bd4f4][%mdl 32] Inhibits Nd3.} Rf8 28. Rd4 Kh8 29. f3 Nd7 30. h6 g6 31. Re1 Qe8 32. Bd2 Rf5 33. Rf4 {[%emt 0:02:07] And now Rxf5 would win.} ({Don't play} 33. f4 $6 Nc5 34. Bb4 b6 $18) 33... Rh5 34. Rh1 Nxe5 (34... Rxh1 {was called for.} 35. Kxh1 Bb5) 35. Bc3 $18 {[%emt 0:01:40] Threatening mate with Rxh5.} Kg8 {[%emt 0:00:30] [#]} 36. Qxh5 gxh5 37. Bxe5 {[%emt 0:00:04] Weighted Error Value: White=0.11 (very precise) /Black=0.32} 1-0

[Event "USA Championship Women 2022"]
[Site "Saint Louis"]
[Date "2022.10.12"]
[Round "7.4"]
[White "Lee, Alice"]
[Black "Wu, Rochelle"]
[Result "0-1"]
[ECO "D15"]
[WhiteElo "2263"]
[BlackElo "2317"]
[Annotator "TA"]
[PlyCount "150"]
[EventDate "2022.09.05"]
[EventType "tourn"]
[EventCountry "USA"]
[SourceTitle "playchess.com"]
[Source "ChessBase"]
[SourceQuality "1"]
[TimeControl "40/5400+30:1800+30"]

1. d4 d5 2. c4 c6 3. Nf3 Nf6 4. e3 Bf5 5. Nc3 a6 6. Qb3 b5 {[%emt 0:00:44] D15: Slav Defence: 4 Nc3 a6 and gambit lines after 4 Nc3 dxc4.} 7. cxd5 cxd5 8. Ne5 e6 {[%emt 0:08:06] The position is equal.} 9. f3 Nfd7 {[%emt 0:05:58] White must now prevent ...Nxe5.} 10. Nxd7 (10. Bd3 {is interesting.} Nxe5 11. Bxf5 Qg5 12. Qc2) 10... Nxd7 {[%emt 0:02:49] [#]} 11. Bd2 $146 ({Predecessor:} 11. e4 dxe4 12. fxe4 Bg6 13. a3 Be7 14. Be3 O-O 15. Be2 Rc8 16. Rd1 Qa5 17. O-O Nf6 18. e5 Ne4 19. Nxe4 Bxe4 20. Rc1 Rc7 21. Rxc7 Qxc7 22. Bd3 {½-½ (22) Ritscher,J (2322)-Henrich,H (2271) Hamburg 2013}) 11... Bd6 ({Black should try} 11... Rc8 $1 $17 {And now ...b4 would win.} 12. Rc1 (12. e4 dxe4 13. fxe4 Bg6 $17) 12... Bd6) 12. g3 (12. Nxd5 $11 O-O 13. Bb4 Qh4+ 14. Kd1 Bxb4 15. Nxb4) 12... O-O $17 13. Bg2 Rc8 {[%emt 0:02:56][%cal Ba8c8,Bc8c4,Bc4b4][%mdl 32] Black is more active.} 14. e4 dxe4 15. fxe4 Bg6 16. O-O e5 17. Be3 exd4 18. Bxd4 Rc4 19. Bf2 Nc5 20. Bxc5 Bxc5+ 21. Kh1 Rb4 22. Qc2 Bd4 23. a4 Rc4 24. axb5 axb5 25. Rad1 Qg5 26. Qd3 Bxc3 27. bxc3 Qc5 28. Qd7 Rxc3 {[%emt 0:03:02] Strongly threatening ...b4.} 29. Rd5 Qe3 30. Rxb5 Rc1 31. Rb1 Rxb1 32. Rxb1 Bxe4 33. Rd1 h5 34. Qd2 Bxg2+ 35. Qxg2 {[%emt 0:00:03][%mdl 4096] Endgame KQR-KQR} Rc8 36. Qd5 Rc1 37. Rxc1 Qxc1+ {[%emt 0:00:03] KQ-KQ} 38. Kg2 Qc2+ 39. Kg1 Qg6 40. Kg2 Kh7 41. Kh1 f6 42. h4 Qb1+ ({But not} 42... Qxg3 43. Qxh5+ Kg8 44. Qe8+ Kh7 45. Qh5+ Kg8 46. Qe8+ Kh7 47. Qh5+ $11) 43. Kh2 Qc2+ 44. Kg1 Kg6 45. Qe6 Qf5 46. Qe8+ Kh7 {[%emt 0:00:05] ...Qe5 is the strong threat.} 47. Kg2 Qe5 48. Qc8 Qe4+ 49. Kh2 Kg6 50. Qd7 Qe2+ 51. Kh1 f5 52. Qd6+ Kh7 53. Qc7 Qf1+ 54. Kh2 Qf2+ 55. Kh3 Qg1 56. Qc6 {[%emt 0:00:14] Prevents Qh1+. White does not recover from this.} (56. Qb7 $17 {was the only chance.}) 56... Qf1+ $19 57. Kh2 Qe2+ 58. Kg1 f4 $1 59. gxf4 Qg4+ 60. Kf1 Qxf4+ 61. Ke2 $2 (61. Kg2) 61... Qxh4 62. Qc2+ Kh6 63. Qd2+ {[%emt 0:00:10] [#]} Qg5 $1 64. Qd6+ Qg6 $2 (64... Kh7 65. Qd3+ Kh6 66. Qd6+ Qf6) 65. Qf4+ $2 {[%emt 0:00:29] [#]} (65. Qd2+ Qg5 66. Qd6+ Qf6 67. Qd7) 65... Kh7 $1 66. Qb8 Qf5 (66... h4 $142 67. Qb4 Qg2+ 68. Ke1 h3) 67. Qd8 Qe5+ 68. Kd1 Qe4 {[%emt 0:00:18] Threatens to win with ...h4.} 69. Qa5 Qg4+ 70. Ke1 h4 {[%emt 0:00:09] ( -> ...h3)} 71. Qc5 Qe4+ (71... h3 $142 72. Kf1 Qg2+ 73. Ke1 Qe4+ 74. Kd2 Qe6) 72. Kf2 Kh6 73. Qd6+ Qg6 {[%emt 0:00:47] Black mates.} 74. Qf4+ Qg5 75. Qd6+ Qf6+ {[%emt 0:00:05] Weighted Error Value: White=0.12 (very precise) /Black=0.06 (flawless)} 0-1

[Event "USA Championship Women 2022"]
[Site "Saint Louis"]
[Date "2022.10.12"]
[Round "7.5"]
[White "Eswaran, Ashritha"]
[Black "Foisor, Sabina-Francesca"]
[Result "1-0"]
[ECO "B12"]
[WhiteElo "2365"]
[BlackElo "2203"]
[Annotator "TA"]
[PlyCount "81"]
[EventDate "2022.09.05"]
[EventType "tourn"]
[EventCountry "USA"]
[SourceTitle "playchess.com"]
[Source "ChessBase"]
[SourceQuality "1"]
[TimeControl "40/5400+30:1800+30"]

1. e4 c6 2. d4 d5 3. e5 Bf5 4. h4 h5 5. Bd3 Bxd3 6. Qxd3 {[%emt 0:00:07][%cal Oe5e6] B12: Caro-Kann: Advance Variation.} Qa5+ 7. Nd2 Qa6 8. c4 {[%emt 0:01:03][%cal Oe5e6] [#] e6! is the strong threat. White is slightly better.} (8. e6 $5 Qxd3 9. exf7+ (9. cxd3 f6 $11) 9... Kxf7 10. cxd3 $14) 8... e6 9. Ngf3 Nh6 10. b3 Nd7 11. a4 Nf5 12. O-O Be7 {[%emt 0:04:55] 12...Bb4 deserves study.} 13. g3 c5 {[%emt 0:14:12] [#]} 14. Qc3 $146 ({Predecessor:} 14. Ba3 g6 15. Qb1 cxd4 16. cxd5 Bxa3 17. dxe6 Qxe6 18. Rxa3 O-O 19. Re1 Rfe8 20. b4 {½-½ (32) Jackson,J (2383)-Houska,J (2419) Daventry 2019}) 14... cxd4 15. Nxd4 Nxd4 16. Qxd4 Qb6 (16... f6 $11) 17. Qxb6 $14 Nxb6 18. a5 Nd7 19. cxd5 exd5 20. Nf3 Rc8 (20... Nc5 $14) 21. Rd1 Rc3 22. Kg2 Nc5 23. Nd4 Nxb3 $2 {[%emt 0:00:26][%mdl 8192] Black cannot hold the game after this.} (23... Kd7 $16) 24. Bb2 $18 Nxd4 25. Bxc3 Ne6 26. Rxd5 Bxh4 27. Rb5 {[%emt 0:00:19] White is clearly winning.} Bd8 28. Rxb7 h4 29. Rd1 a6 30. Rd6 Rh6 31. Bb4 Rg6 32. Bd2 hxg3 33. fxg3 {[%emt 0:00:05] aiming for Rb8.} Rg4 34. Rb8 Ke7 35. Rxa6 Bc7 36. Rb7 {[%emt 0:00:23] And now Bb4+ would win.} Re4 (36... Kd7 $142 37. Be3 Re4) 37. Bb4+ Kd8 38. Ra8+ Kd7 39. Bd6 Kc6 {[%emt 0:00:29] [#]} 40. Rxc7+ $1 Nxc7 41. Rc8 {[%emt 0:30:03] Weighted Error Value: White=0.34/Black=0.44} 1-0

[Event "USA Championship Women 2022"]
[Site "Saint Louis"]
[Date "2022.10.12"]
[Round "7.6"]
[White "Yan, Ruiyang"]
[Black "Krush, Irina"]
[Result "1/2-1/2"]
[ECO "B33"]
[WhiteElo "2220"]
[BlackElo "2432"]
[Annotator "TA"]
[PlyCount "102"]
[EventDate "2022.09.05"]
[EventType "tourn"]
[EventCountry "USA"]
[SourceTitle "playchess.com"]
[Source "ChessBase"]
[SourceQuality "1"]
[TimeControl "40/5400+30:1800+30"]

1. e4 c5 2. Nf3 Nc6 3. d4 cxd4 4. Nxd4 Nf6 5. Nc3 e5 6. Ndb5 d6 7. Nd5 Nxd5 8. exd5 Nb8 9. a4 Be7 10. Be2 O-O 11. O-O {[%emt 0:00:05] B33: Sicilian: Pelikan and Sveshnikov Variations.} Nd7 12. Kh1 {[%emt 0:00:13] 12.Bd2 injects fresh life into this line.} f5 13. f4 a6 14. Na3 exf4 {[%emt 0:00:09] 14...Qc7 is vanishing.} 15. Bxf4 Nc5 16. Nc4 a5 17. c3 Bd7 {[%emt 0:01:44] [#]} 18. Bf3 $146 ({Predecessor:} 18. Re1 b5 19. axb5 Bxb5 20. Nd2 Bxe2 21. Qxe2 Bg5 22. Bxg5 Qxg5 23. Nf3 Qh5 24. Nd4 Qxe2 25. Rxe2 a4 {½-½ (25) Chukanov,I (2452)-Saidashev,A (2415) ICCF email 2017}) 18... Ra6 19. Re1 b5 20. axb5 Bxb5 21. Be2 (21. Na3 $5 Nd3 22. Qe2 Nxe1 23. Nxb5 Nxf3 24. gxf3 $17) 21... Ne4 {[%emt 0:04:16] Strongly threatening ...Nf2+.} (21... Bh4 $5 22. g3 Bg5 $11) 22. Rf1 {[%emt 0:01:54] Prevents Nf2+.} Bxc4 23. Bxc4 Ra8 24. Bd3 Bg5 25. Qc2 Bxf4 26. Rxf4 Qg5 27. Raf1 Rae8 28. g3 g6 29. Bxe4 fxe4 30. Rxf8+ Rxf8 31. Rxf8+ Kxf8 32. Qxe4 $11 {[%emt 0:00:08][%mdl 4096] Endgame KQ-KQ} (32. Qd1 $11) 32... Qc1+ $17 33. Kg2 Qxb2+ 34. Kh3 $2 {[%emt 0:00:03] [#]} (34. Kf1 $17 {was called for.}) 34... Qf2 $1 $19 ({Weaker is} 34... Qxc3 35. Qf4+ Ke7 36. Qh4+ Ke8 37. Qa4+ (37. Qxh7 Qc8+ 38. Kg2 Qc2+ 39. Kf3 Qd3+ 40. Kf2 Qd2+ 41. Kf1 Qxd5 $15) 37... Kd8 38. Qh4+ Kc8 39. Qxh7 $15) 35. Qc4 $2 {[%emt 0:02:20] [#]} (35. g4) 35... Qa7 $2 ({Better is} 35... h5 $1 $19 36. Qc8+ Kg7 37. Qd7+ Kh6 38. Qxd6 Qf1+ 39. Kh4 Qf5) 36. Qf4+ Ke8 37. Kg2 ({Wrong is} 37. Qxd6 $2 Qd7+ 38. Qxd7+ Kxd7 $19) 37... Qc5 38. Qa4+ Kd8 39. c4 Qb4 40. Qc6 a4 41. c5 (41. Qa8+ $11 {remains equal.} Ke7 42. Qa7+ Kd8 43. Qa8+ Ke7 44. Qa7+ Kf6 45. Qd4+ Kf7 46. Qa7+ Kg8 47. Qa8+ Kg7 48. Qa7+ Kh8 49. Qa8+ Kg7 50. Qa7+ Kh8 51. Qf7 Qd2+ 52. Kf1 Qd3+ 53. Kg2 Qd2+ 54. Kh1 Qe1+ 55. Kg2 Qe2+ 56. Kh3 Qh5+ 57. Kg2 Qe2+ 58. Kh3) 41... Qxc5 $17 ({Much worse is} 41... dxc5 $6 42. Qf6+ Ke8 43. Qe6+ Kd8 44. Qf6+ Ke8 45. Qe6+ Kf8 46. Qf6+ Kg8 47. Qe6+ Kh8 48. Qf6+ Kg8 49. Qe6+ Kh8 50. Qf6+ Kg8 $11) 42. Qxa4 Qxd5+ 43. Kf2 Qc5+ 44. Kg2 Ke7 (44... Kc7 $17 {Hoping for ...Qc6+.} 45. Qh4 h5) 45. Qh4+ $11 {[%emt 0:00:00] The position is equal.} Ke6 46. Qxh7 Qc2+ 47. Kg1 Qb1+ 48. Kf2 Qc2+ 49. Kg1 Qb1+ 50. Kf2 Qc2+ 51. Kg1 Qb1+ {[%emt 0:00:17] Weighted Error Value: White=0.32/Black=0.12 (very precise)} 1/2-1/2

[Event "USA Championship Women 2022"]
[Site "Saint Louis"]
[Date "2022.10.12"]
[Round "7.7"]
[White "Cervantes Landeiro, Thalia"]
[Black "Zatonskih, Anna"]
[Result "1/2-1/2"]
[ECO "D36"]
[WhiteElo "2272"]
[BlackElo "2368"]
[Annotator "TA"]
[PlyCount "104"]
[EventDate "2022.09.05"]
[EventType "tourn"]
[EventCountry "USA"]
[SourceTitle "playchess.com"]
[Source "ChessBase"]
[SourceQuality "1"]
[TimeControl "40/5400+30:1800+30"]

1. d4 d5 2. c4 e6 3. Nc3 Nf6 4. cxd5 exd5 5. Bg5 c6 6. e3 Be7 7. Bd3 Nbd7 8. Qc2 Nf8 9. Nf3 Ne6 10. Bh4 g6 11. O-O O-O 12. Rab1 a5 13. a3 Ng7 14. b4 axb4 15. axb4 Bf5 16. Bxf5 Nxf5 17. Bxf6 Bxf6 18. b5 {[%emt 0:01:13] The position is equal.} Nd6 {[%emt 0:05:28] D36: Queen's Gambit Declined: Exchange Variation: Main line (5 Bg5 c6 6 Qc2).} 19. bxc6 bxc6 20. Nd2 Be7 {[%emt 0:19:22] [#]} 21. Ne2 $146 ({Predecessor:} 21. Na4 Ra6 22. Nc5 Ra7 23. Nd3 Qa8 24. Nb4 Rc8 25. Rfd1 Bf8 26. g3 {½-½ (51) Guillo Longares,C (2089)-Ortega Serra,M (2288) Sitges 2020}) 21... Ra6 22. Nf4 Qa8 23. Rb2 Rd8 24. Nd3 Nb5 25. h3 Bd6 26. Nc5 Ra3 27. Ndb3 Ra7 28. Rc1 Na3 29. Qe2 Nc4 30. Rbc2 Rb8 31. Nd2 Bxc5 32. Nxc4 Bxd4 33. exd4 dxc4 34. Rxc4 Ra6 35. Qe4 Rd8 36. Kh2 Qb8+ 37. g3 Qd6 38. R1c2 Qd5 39. Qxd5 Rxd5 $11 {[%emt 0:00:08][%mdl 4096] Endgame KRR-KRR} 40. Kg2 Ra7 41. Rb4 Rad7 42. Rcc4 R7d6 43. Rb6 Rxd4 44. Rxd4 Rxd4 45. Rxc6 {[%emt 0:00:00] KR-KR} Rd3 46. h4 h5 47. Rc7 Kg7 48. Rc6 Ra3 49. Rd6 Rb3 50. Rc6 Ra3 51. Rd6 Rb3 52. Rc6 Ra3 {[%emt 0:00:00] An even fight not without its subleties.  Weighted Error Value: White=0.02 (flawless) /Black=0.01 (flawless)} 1/2-1/2

[Event "USA Championship Women 2022"]
[Site "Saint Louis"]
[Date "2022.10.13"]
[Round "8.1"]
[White "Abrahamyan, Tatev"]
[Black "Cervantes Landeiro, Thalia"]
[Result "0-1"]
[ECO "B90"]
[WhiteElo "2308"]
[BlackElo "2272"]
[Annotator "TA"]
[PlyCount "94"]
[EventDate "2022.09.05"]
[EventType "tourn"]
[EventCountry "USA"]
[SourceTitle "playchess.com"]
[Source "ChessBase"]
[SourceQuality "1"]
[TimeControl "40/5400+30:1800+30"]

1. e4 c5 2. Nf3 d6 3. d4 cxd4 4. Nxd4 Nf6 5. Nc3 a6 6. f3 e5 7. Nb3 Be6 8. Be3 h5 9. Nd5 {[%emt 0:00:51] B90: Sicilian Najdorf: Unusual White 6th moves, 6 Be3 Ng4 and 6 Be3 e5.} Bxd5 10. exd5 Nbd7 11. Qd2 {[%emt 0:00:07] White is slightly better.} g6 12. O-O-O Nb6 13. Qa5 Bh6 14. Bxh6 Rxh6 15. Qd2 Rh8 16. f4 {[%emt 0:01:03] [#]} e4 $146 (16... Nfxd5 17. g3 $14) (16... exf4 $11 17. Qxf4 Kf8) ({Predecessor:} 16... exf4 17. Qxf4 Kf8 18. Bd3 Nbxd5 19. Qg5 Qb6 20. Bxg6 Qe3+ 21. Qxe3 Nxe3 22. Rxd6 {½-½ (57) Ponomariov,R (2699)-Wang,H (2698) Danzhou 2017}) 17. Kb1 Nbxd5 18. c4 Nc7 ({Less strong is} 18... e3 19. Qd4 Nc7 20. Bd3 $16 (20. Qxd6 Qxd6 21. Rxd6 Rd8 $11) (20. Qxe3+ Qe7 $16)) 19. Qb4 Rb8 ({Better is} 19... Qe7 $14) 20. Rxd6 $16 Qe7 21. f5 Kf8 22. c5 (22. fxg6 $16 Nce8 23. Rb6) 22... Kg7 $11 23. fxg6 fxg6 24. Bc4 {[%emt 0:00:32] [#] Strongly threatening Rf1.} b5 25. Be2 ({Don't blunder} 25. cxb6 $2 Nce8 26. Rhd1 Rd8 $19) 25... Ncd5 26. Qd2 $36 {[%emt 0:05:00][%mdl 2048] Black must now prevent Qg5. White is more active.} Rhd8 27. Rxa6 e3 28. Qd4 b4 (28... Nb6 $14 29. Qh4 Nc4) 29. Qh4 (29. Kc2 $16) 29... Qe4+ (29... Qe5 $1 $11) 30. Qxe4 $16 Nxe4 {[%emt 0:00:04] Pair of Knights!} 31. Bf3 Nf2 32. Rf1 Nf4 {[%emt 0:01:22] Inhibits Re6.} 33. c6 Re8 34. Ra7+ Kh6 35. Nc1 Rbc8 36. Rf7 Ne6 37. Re1 Ng5 38. Rf6 {[%emt 0:00:42][%mdl 8192] This costs White the game.} (38. Rf4 $1 $11 {and White has nothing to worry.}) 38... Nge4 39. Rf4 Rxc6 40. Bxe4 Nxe4 41. Ne2 $2 (41. Ka1 Rc2 42. Rff1) 41... Nd2+ $19 42. Ka1 Ra8 {[%emt 0:04:17][%cal Oa8a2] Black is clearly winning.} 43. Nc1 b3 44. a3 Rac8 45. Nd3 e2 46. Rf2 Rc2 {[%emt 0:02:45] ( -> ...Ra8)} 47. Rfxe2 {[%emt 0:02:28] [#]} Ra8 $1 {[%emt 0:00:25] Weighted Error Value: White=0.50/Black=0.27 (precise)} 0-1

[Event "USA Championship Women 2022"]
[Site "Saint Louis"]
[Date "2022.10.13"]
[Round "8.2"]
[White "Zatonskih, Anna"]
[Black "Yan, Ruiyang"]
[Result "1/2-1/2"]
[ECO "A18"]
[WhiteElo "2368"]
[BlackElo "2220"]
[Annotator "TA"]
[PlyCount "85"]
[EventDate "2022.09.05"]
[EventType "tourn"]
[EventCountry "USA"]
[SourceTitle "playchess.com"]
[Source "ChessBase"]
[SourceQuality "1"]
[TimeControl "40/5400+30:1800+30"]

1. c4 Nf6 2. Nc3 e6 3. e4 d5 4. cxd5 exd5 5. e5 d4 6. exf6 dxc3 7. Bb5+ {[%emt 0:00:08] A18: English Opening: Flohr-Mikenas System (1 c4 Nf6 2 Nc3 e6 3 e4).} Nc6 8. Qe2+ Be6 9. dxc3 {[%emt 0:00:53] White has an edge.} Qxf6 10. Nf3 Bd6 11. Ng5 O-O 12. Nxe6 Rfe8 {[%emt 0:00:29][%mdl 64] [#] Pin} 13. Bc4 $1 Na5 $1 {[%emt 0:00:19] [#]} 14. Bg5 $146 ({Predecessor:} 14. Be3 Nxc4 15. Nxg7 Rxe3 16. fxe3 Qh4+ 17. g3 Bxg3+ 18. Kf1 Qh3+ 19. Kg1 Bd6 20. Qxc4 Qxe3+ {1-0 (60) Muradli,M (2523)-Talibov,S (2307) Chess.com INT 2022}) 14... Qg6 {[%emt 0:00:30][%mdl 64] Pin} 15. Bd3 Qxe6 16. Qxe6 Rxe6+ 17. Kd2 h6 18. Be3 c5 19. Kc2 c4 20. Bf5 {[%emt 0:12:51] A strong pair of Bishops.} Re5 21. Bg4 Bc5 22. Bxc5 Rxc5 23. Rad1 Nc6 24. f4 g5 25. fxg5 Rxg5 26. Bf3 Ne5 $1 {[%emt 0:01:28] Against Rd7} 27. Be4 Re8 28. Rhe1 Kf8 (28... b5 $11) 29. h4 $14 ({Reject} 29. Bxb7 Rb8 30. Be4 Nd3 31. Bxd3 cxd3+ 32. Kxd3 Rxb2 $11) 29... Rg3 (29... Rh5 $142) 30. Bxb7 $16 f6 31. b3 (31. Rd4 $16) 31... Rb8 $14 32. Bd5 cxb3+ 33. axb3 Rc8 $1 34. c4 Rb8 $1 35. c5 Rc8 $1 {[%emt 0:00:22] The position is equal.} 36. Kb1 Rxc5 {[%emt 0:00:09] [#] Hoping for ...Nd3.} 37. Re2 Rgc3 38. Red2 a5 39. Kb2 Ke7 40. Re1 Kf8 41. Red1 ({Much weaker is} 41. Bc4 R3xc4 42. bxc4 Nxc4+ 43. Kc3 Nxd2+ 44. Kxd2 h5 $17) 41... Ke7 42. Re1 Kf8 {[%emt 0:00:00] Strongly threatening ...Rd3.} 43. Red1 {[%emt 0:06:22] Weighted Error Value: White=0.06 (flawless) /Black=0.04 (flawless)} ({Much worse is} 43. Bc4 R3xc4 44. bxc4 Nxc4+ 45. Kc3 Nxd2+ 46. Kxd2 Kf7 $17) 1/2-1/2

[Event "USA Championship Women 2022"]
[Site "Saint Louis"]
[Date "2022.10.13"]
[Round "8.3"]
[White "Yu, Jennifer"]
[Black "Wu, Rochelle"]
[Result "1-0"]
[ECO "D15"]
[WhiteElo "2297"]
[BlackElo "2317"]
[Annotator "TA"]
[PlyCount "73"]
[EventDate "2022.09.05"]
[EventType "tourn"]
[EventCountry "USA"]
[SourceTitle "playchess.com"]
[Source "ChessBase"]
[SourceQuality "1"]
[TimeControl "40/5400+30:1800+30"]

1. d4 d5 2. c4 c6 3. Nf3 Nf6 4. Nc3 a6 5. c5 Nbd7 6. Bf4 Nh5 7. Bd2 Nhf6 {[%emt 0:00:31][%cal Oe7e5] Against e4. D15: Slav Defence: 4 Nc3 a6 and gambit lines after 4 Nc3 dxc4.} 8. b4 g6 {[%emt 0:01:15] [#]} (8... Ne4 {is interesting.} 9. Rc1 g6 10. Bf4 Bg7) 9. Qc2 $146 ({Predecessor:} 9. Qc1 Bg7 10. Bh6 Bxh6 11. Qxh6 a5 12. b5 cxb5 13. e4 dxe4 14. Ng5 a4 15. Bxb5 Qa5 16. Rc1 Qb4 17. O-O Qxd4 18. Qg7 Rf8 19. Nxh7 {1-0 (19) Granda Zuniga,J (2601)-Leitao,R (2598) Villa Martelli 2005}) 9... Bg7 {[%emt 0:01:32] The position is equal.} 10. h3 O-O 11. Bf4 a5 12. b5 Ne4 13. bxc6 bxc6 14. e3 {[%emt 0:20:48] [#]} Nxc3 (14... Ndxc5 $1 $15 15. Nxe4 (15. Rc1 Ne6) 15... Nxe4) 15. Qxc3 $11 f6 (15... Re8 $11) 16. Rd1 e5 17. Bg3 e4 18. Nd2 f5 19. h4 h6 20. Be2 Rf7 21. Rb1 Nf8 22. Rb6 Ne6 (22... Qe8 $11) 23. Rxc6 (23. h5 $14 {feels stronger.}) 23... f4 24. Rd6 (24. Bxf4 $5 Bxd4 25. exd4 Nxf4 26. Rd6 $11) 24... Qe7 25. Bxf4 {[%emt 0:01:00] [#] aiming for Bg3.} (25. Rxe6 {looks sharper.} Bxe6 26. Bxf4 Rxf4 27. exf4 Qf6 28. O-O) 25... Nxf4 {[%emt 0:01:37] Loses the game.} (25... Bxd4 $1 $11 {and Black is okay.} 26. exd4 Nxf4) 26. exf4 $18 Rxf4 27. Rxd5 ({Resist} 27. Rxg6 $6 Be6 28. O-O Raf8 $16) 27... Rxh4 28. Rxh4 Qxh4 29. Rd6 Kh7 30. Qg3 $40 {[%emt 0:02:22][%mdl 128] Black is in trouble. Really sharp! Active counter play!} Qh1+ (30... Qxg3 31. fxg3 Rb8 32. Nxe4 Bf5) 31. Nf1 {[%emt 0:00:51] White is clearly winning.} Bf5 32. Bg4 Rb8 {[%emt 0:01:36] ...Rb1+ is the strong threat.} 33. Bxf5 gxf5 34. Rd7 Rg8 35. c6 {[%emt 0:00:52][%cal Bc5c6,Bc6c7][%mdl 32] White wants to mate with c7.} Qh5 36. c7 Qe8 37. Rd8 {[%emt 0:00:46] Weighted Error Value: White=0.11 (very precise) /Black=0.38} 1-0